 Dungeon Crawl Stone Soup version 0.18.1-47-g9310371 (console) character file.

88 Kloppie the Cleaver (level 4, -1/38 HPs)
             Began as a Hill Orc Gladiator on June 14, 2016.
             Succumbed to Terence's poison
             ... on level 2 of the Dungeon.
             The game lasted 00:01:45 (755 turns).

Kloppie the Cleaver (Hill Orc Gladiator)             Turns: 755, Time: 00:01:45

Health: -1/38      AC:  8    Str: 17    XL:     4   Next: 53%
Magic:  4/4        EV: 11    Int:  8    God:
Gold:   25         SH:  0    Dex: 12    Spells: 0 memorised, 3 levels left

rFire  . . .     SeeInvis .     a - +0 war axe
rCold  . . .     Gourm    .     i - +0 ring mail
rNeg   . . .     Faith    .     (no shield)
rPois  .         Spirit   .     r - +1 helmet
rElec  .         Dismiss  .     (no cloak)
rCorr  .         Reflect  .     (no gloves)
SustAt .         Harm     .     (no boots)
MR     .....                    (no amulet)
Stlth  +.........               (no ring)
                                (no ring)

@: lethally poisoned (-1 -> -30), not resistant to hostile enchantments, very
unstealthy
A: no striking features
a: no special abilities


You were on level 2 of the Dungeon.
You were not hungry.

You visited 1 branch of the dungeon, and saw 2 of its levels.

You collected 25 gold pieces.

Inventory:

Hand Weapons
 a - a +0 war axe (weapon)
Missiles
 d - a throwing net (quivered)
Armour
 i - a +0 ring mail (worn)
 r - a +1 helmet (worn)
Jewellery
 m - an uncursed ring of see invisible {unknown}
Scrolls
 e - a scroll of identify {unknown}
 k - a scroll of immolation {unknown}
 l - a scroll of enchant weapon {unknown}
 o - a scroll of enchant armour {unknown}
 q - a scroll of remove curse {unknown}
Potions
 n - a potion of might {unknown}
 p - a potion of agility {unknown}
Comestibles
 b - 7 chunks of flesh
 f - 2 bread rations
 g - 2 meat rations
 h - a beef jerky


   Skills:
 + Level 3.2 Fighting
 * Level 11.8 Axes
 - Level 1.7 Throwing
 + Level 6.8 Armour
 - Level 2.4 Dodging


You had 3 spell levels left.
You didn't know any spells.

Dungeon Overview and Level Annotations

Branches:
Dungeon (2/15)

Altars:

Annotations:
D:2 Terence


Message History

Throwing (i - inventory):
d - 2 throwing nets (quivered)
Press: ? - help, Shift-Dir - straight line, f/p - Terence
Aim: Terence, wielding a short sword of venom and wearing a scale mail You throw a throwing net.
The throwing net hits Terence.
Terence is caught in the net!
* * * LOW HITPOINT WARNING * * *
You feel very sick.
Terence struggles against the net.
Drink which item? (? for menu, Esc to quit)
It was a potion of cure mutation.
It has a very clean taste.
* * * LOW HITPOINT WARNING * * *
You feel very sick.
Terence struggles against the net.
Drink which item? (? for menu, Esc to quit)
It was a potion of experience.
You feel more experienced!
Your Axes skill gained 7 levels and is now at level 11!
Your Armour skill gained 5 levels and is now at level 6!
You have reached level 4!
You die...

#.......##................
#.......##.#####.#........
#.......##. #.#........
##'####+##+#####+#........
#..(.............########
#>...............+
#########...............#
........[.....#....$....+
##...#..#######@@.......#
.#..#_#.#...........#####
.#...#.......?..#...#
................+...#
................#...#
<......##########...#
.>.....# #...# .......#
#...# .......#


You could see Terence (caught).

Vanquished Creatures
  Robin (D:2)
  A giant gecko (D:1)
  4 bats (D:1)
  2 giant cockroaches (D:1)
  5 goblins
  7 hobgoblins
  2 kobolds (D:1)
  A quokka (D:2)
  2 giant newts
  2 rats (D:1)
27 creatures vanquished.

Notes
Turn   | Place    | Note
--------------------------------------------------------------
     0 | D:1      | Kloppie the Hill Orc Gladiator began the quest for the Orb.
     0 | D:1      | Reached XP level 1. HP: 18/18 MP: 1/1
    96 | D:1      | Reached XP level 2. HP: 11/25 MP: 2/2
   307 | D:1      | Reached skill level 1 in Armour
   596 | D:2      | Found a faded altar to an unknown god.
   610 | D:2      | Reached XP level 3. HP: 31/31 MP: 3/3
   648 | D:2      | Noticed Robin
   652 | D:2      | Killed Robin
   745 | D:2      | Noticed Terence
   754 | D:2      | HP: 1/31 [poisoned by Terence]
   755 | D:2      | Reached skill level 11 in Axes
   755 | D:2      | Reached XP level 4. HP: 1/38 MP: 4/4
   755 | D:2      | Succumbed to Terence's poison

Skill      XL: |  1  2  3 |
---------------+----------+-----
Armour         | 1 6 |  6.8
Fighting       | 3 |  3.2
Axes           | 11 | 11.8
Throwing       | |  1.7
Dodging        | |  2.4

Action                   |  1- 3 |  4- 6 || total
-------------------------+-------+-------++-------
Melee: War axe           |    79 |       ||    79
Throw: Throwing net      |     2 |       ||     2
  Use: Potion            |     2 |       ||     2
Armor: Ring mail         |    32 |       ||    32
       Leather armour    |     3 |       ||     3
Dodge: Dodged            |    65 |       ||    65
